 Dungeon Crawl Stone Soup version 0.25-a0-589-g1e14c549ee (webtiles) character file.

Game seed: 16961553884194515896, levelgen mode: deterministic

265 Esekla the Cutter (level 5, 0/25 HPs)
             Began as a Spriggan Artificer on Mar 10, 2020.
             Was an Initiate of Gozag.
             Slain by a phantom (3 damage)
             ... on level 3 of the Dungeon.
             The game lasted 00:20:27 (5838 turns).

Esekla the Cutter (Spriggan Artificer)              Turns: 5838, Time: 00:20:28

Health: 0/25       AC:  2    Str:  8    XL:     5   Next: 99%
Magic:  9/9        EV: 20    Int: 13    God:    Gozag
Gold:   195        SH:  0    Dex: 17    Spells: 4/4 levels left

rFire    . . .     SeeInvis +   a - +1 short sword
rCold    . . .     Gourm    .   (shield restricted)
rNeg     . . .     Faith    .   b - +0 robe
rPois    .         Spirit   .   (helmet restricted)
rElec    .         Reflect  .   (no cloak)
rCorr    .         Harm     .   (gloves unavailable)
MR       .....                  (boots unavailable)
Stlth    +++.......             (no amulet)
HPRegen  0.08/turn              (no ring)
MPRegen  0.11/turn              (no ring)

@: very quick
A: very small, unfitting armour, see invisible, herbivore, speed 3, slow
metabolism 2
a: Potion Petition, Call Merchant, Bribe Branch, Renounce Religion


You were on level 3 of the Dungeon.
You worshipped Gozag.
Gozag was aware of your devotion.
You were not hungry.

You visited 1 branch of the dungeon, and saw 5 of its levels.

You collected 265 gold pieces.
You paid 70 gold pieces to Gozag.

Inventory:

Hand Weapons
 a - a +1 short sword (weapon)
 g - a +1 dagger of holy wrath
Missiles
 m - 3 atropa-tipped darts (quivered)
Armour
 b - a +0 robe (worn)
Wands
 c - a wand of flame (15)
 d - a wand of enslavement (15)
 e - a wand of random effects (15)
Scrolls
 h - 2 scrolls of remove curse
 k - 2 scrolls of teleportation
 n - 2 scrolls of identify {unknown}
 o - a scroll of enchant weapon
Potions
 i - a potion of brilliance {unknown}
 j - 3 potions of heal wounds {unknown}
 l - 3 potions of might {unknown}
Comestibles
 f - 3 rations


   Skills:
 - Level 0.7 Fighting
 * Level 5.3 Short Blades
 + Level 5.2 Dodging
 + Level 3.3 Stealth
 - Level 4.0 Evocations


You had 4 spell levels left.
You didn't know any spells.
Your spell library was empty.

Dungeon Overview and Level Annotations

Branches:
Dungeon (5/15)
 Temple: D:4-7

Altars:
Gozag

Annotations:
D:2 poopendork's ghost, weakling DESu
D:3 1 runed translucent door, Crazy Yiuf


Innate Abilities, Weirdness & Mutations

You are very small and have problems with some larger weapons.
You are too small for most types of armour.
You have supernaturally acute eyesight. (SInv)
You are a herbivore.
You cover ground extremely quickly.
You need to consume almost no food.


Message History

The ooze closely misses you.
You hit the ooze but do no damage.
The ooze is heavily wounded.
The ooze hits you.
* * * LOW HITPOINT WARNING * * *
You hit the ooze.
The ooze is severely wounded.
The ooze hits you.
* * * LOW HITPOINT WARNING * * *
You hit the ooze.
You kill the ooze!
You now have 195 gold pieces (gained 4).
Found 23 bolts.
You see here 23 bolts.
There is a stone staircase leading up here.
You climb upwards.
Level annotation: 1 runed translucent door, Crazy Yiuf The phantom hits you.
You die...
Your body crumbles into a pile of gold.

##.#†# #8....'.##.##..##
#.#.######.....#........#
#.#......##.8.##.W....[(#
#.###[....#####.........#
#.###.##### #.###.....#.#
#.#...# #...#<....#.#
#.#...# #.#.###.###.#
#.....# #.#.# #.# #.#
###...# #.#@# #.# #.#
#.<.# #.#W# #.# #.#
#...#######.#.# #.###.#
#...........#.# #..##.#
#..####.###.#.####.##.#
#......#..............#
#..####.###.#.####.####
#..# ### #.#.# #.#
#..########.#.####.#


You could see a phantom.

Vanquished Creatures
  A water moccasin skeleton (D:3)
  2 orc wizards (D:3)
  A worker ant (D:4)
  5 adders
  3 gnolls (D:3)
  2 oozes
  A worm (D:2)
  3 leopard geckos
  8 orcs
  2 giant cockroaches (D:2)
  3 goblins (D:3)
  5 hobgoblins
  A quokka (D:2)
  4 bats
  4 frilled lizards
  4 kobolds
  4 rats
53 creatures vanquished.

Notes
Turn   | Place    | Note
-------+----------+-------------------------------------------
     0 | D:1      | Esekla the Spriggan Artificer began the quest for the Orb.
     0 | D:1      | Reached XP level 1. HP: 9/9 MP: 4/4
   552 | D:1      | Reached XP level 2. HP: 13/14 MP: 6/6
  1888 | D:3      | Reached XP level 3. HP: 6/17 MP: 7/7
  2299 | D:3      | Found a runed translucent gate.
  2300 | D:3      | Found a runed translucent gate.
  2300 | D:3      | Found an opulent altar of Gozag.
  2301 | D:3      | Found a runed translucent gate.
  2320 | D:3      | Noticed poopendork's ghost (weakling DESu)
  2320 | D:3      | Noticed a phantom
  2971 | D:3      | Reached XP level 4. HP: 12/21 MP: 8/8
  3806 | D:3      | Reached XP level 5. HP: 18/25 MP: 9/9
  4115 | D:3      | Found a runed translucent door.
  4116 | D:3      | Noticed Crazy Yiuf
  4736 | D:3      | Reached skill level 5 in Dodging
  5025 | D:3      | Reached skill level 5 in Short Blades
  5363 | D:3      | Became a worshipper of Gozag Ym Sagoz the Greedy
  5797 | D:5      | Entered Level 5 of the Dungeon
  5799 | D:5      | Noticed a centaur
  5838 | D:3      | Slain by a phantom

Levels and vault maps discovered:
D:1:      dpeg_arrival_water_temple_mockup, layout_basic
D:2:      layout_basic
D:3:      layout_loops_ring, ebering_ghost_gozag, first_ration,
          uniq_crazy_yiuf_cottage
D:4:      layout_loops_cross, kennysheep_slug_shrine, serial_shops,
          kennysheep_mini_moat
D:5:      layout_basic, basic_altar, uniq_sigmund

Skill      XL: |  1  2  3  4  5 |
---------------+----------------+-----
Short Blades   | 2 3 4 5 |  5.3
Stealth        | 2 3 |  3.3
Dodging        | 4 5 |  5.2
Fighting       | |  0.7
Evocations     | |  4.0

Action                   |  1- 3 |  4- 6 || total
-------------------------+-------+-------++-------
Melee: Short sword       |   123 |   217 ||   340
  Use: Scroll            |     5 |       ||     5
       Potion            |     1 |     2 ||     3
 Stab: Sleeping          |     3 |     3 ||     6
  Eat: Ration            |       |     2 ||     2
Armor: Robe              |    13 |     5 ||    18
Dodge: Dodged            |   131 |   156 ||   287

Table legend:
 A = Non-vault XP
 B = Vault XP
 C = Vault XP percentage of total XP
 D = Non-vault monster count
 E = Vault monster count
 F = Vault count percentage of total count
                 A         B        C        D         E       F
            +---------+---------+-------+---------+---------+-------
      Total |     369 |      10 |   2.6 |      50 |       3 |   5.7
            +---------+---------+-------+---------+---------+-------
        D:1 |      27 |       0 |   0.0 |      11 |       0 |   0.0
        D:2 |      26 |      10 |  27.8 |       8 |       3 |  27.3
        D:3 |     273 |       0 |   0.0 |      28 |       0 |   0.0
        D:4 |      43 |       0 |   0.0 |       3 |       0 |   0.0
            +---------+---------+-------+---------+---------+-------
